 Dungeon Crawl Stone Soup version 0.14-a0-226-gcf818b1 (webtiles) character file.

13498 Malachi the Nimble (level 11, -5/64 HPs)
             Began as a Deep Elf Abyssal Knight on Oct 10, 2013.
             Was the Champion of Lugonu.
             Impaled on a porcupine's spines (6 damage)
             ... on Level 2 of the Lair of Beasts.
             The game lasted 00:56:08 (19868 turns).

Malachi the Nimble (Deep Elf Abyssal Knight)       Turns: 19868, Time: 00:56:08

HP  -5/64        AC  2     Str  9      XL: 11   Next: 68%
MP  23/25        EV 23     Int 21      God: Lugonu [******]
Gold 630         SH  0     Dex 14      Spells:  1 memorised,  9 levels left

Res.Fire  : . . .   See Invis. : .   B - +4,+3 dwarf dagger (drain)
Res.Cold  : . . .   Warding    : .   (no armour)
Life Prot.: . . .   Conserve   : .   (no shield)
Res.Poison: .       Res.Corr.  : .   (no helmet)
Res.Elec. : .       Clarity    : .   r - +0 elf cloak
Sust.Abil.: . .     Spirit.Shd : .   E - +0 pair of gloves
Res.Mut.  : .       Stasis     : .   (no boots)
Res.Rott. : .       Flight     : .   e - amulet of rage
Saprovore : . . .                    i - ring of wizardry
                                     f - +3 ring of evasion

@: exhausted, slowed, very slow, somewhat resistant to hostile enchantments,
quite stealthy
A: breathe flames 1, -10% mp, +10% hp, slow healing 1
a: Depart the Abyss, Bend Space, Banish, Corrupt, Enter the Abyss, Renounce
Religion, Breathe Fire, Evoke Berserk Rage


You were on level 2 of the Lair of Beasts.
You worshipped Lugonu.
Lugonu was exalted by your worship.
You were near starving.

You visited 2 branches of the dungeon, and saw 13 of its levels.
You visited the Abyss 1 time.

You collected 610 gold pieces.

Inventory:

Hand weapons
 a - a +3,+3 elven short sword
 o - a +0,+0 sling
 q - a +2,+1 orcish dagger of venom
 B - a +4,+3 dwarven dagger of draining (weapon)
 M - a +2,+1 orcish dagger of distortion
Missiles
 p - 30 stones (quivered)
 s - a throwing net
Armour
 r - a +0 elven cloak (worn)
 E - a +0 pair of gloves (worn)
Magical devices
 g - a wand of fire (0)
 w - a wand of disintegration (0)
 x - a wand of digging (13)
 C - a wand of polymorph (13)
 N - a wand of digging (8)
Comestibles
 d - 4 rotting chunks of crocodile flesh
Scrolls
 h - 4 scrolls of remove curse
 j - 5 scrolls of enchant armour
 k - 4 scrolls of identify
 l - a scroll of amnesia
Jewellery
 e - an amulet of rage (around neck)
 f - a +3 ring of evasion (left hand)
 i - a ring of wizardry (right hand)
 A - an uncursed ring of protection from magic
 F - an uncursed amulet of resist corrosion
 G - an uncursed ring of flight
 H - an uncursed amulet of guardian spirit
 J - the amulet of Mekiunirr {Cons Str+4}
   (You found it on level 7 of the Dungeon)

   [amulet of conservation]

   It affects your strength (+4).
 L - an uncursed ring of protection from magic
Potions
 b - a potion of resistance
 m - 2 potions of magic
 n - 2 potions of restore abilities
Books
 y - a book of Party Tricks

   Spells                             Type                      Level
   *Summon Butterflies                Summoning                    1
   Apportation                        Translocation                1
   Blink                              Translocation                2
   Alistair's Intoxication            Transmutation/Poison         4
   Tukima's Dance                     Hexes                        5
 K - a book of Beasts

   Spells                             Type                      Level
   *Summon Butterflies                Summoning                    1
   Sticks to Snakes                   Transmutation                2
   Call Canine Familiar               Summoning                    3
   Ice Form                           Ice/Transmutation            4
   Summon Ice Beast                   Ice/Summoning                4
   Summon Hydra                       Summoning                    7


   Skills:
 + Level 2.7 Fighting
 + Level 10.5 Short Blades
 - Level 0.7 Armour
 + Level 12.4 Dodging
 - Level 3.7 Stealth
 - Level 10.7 Invocations
 - Level 7.2 Evocations


You had 9 spell levels left.
You knew the following spells:

 Your Spells              Type           Power        Failure   Level  Hunger
a - Summon Butterflies    Summ           #.......     7%          1    ##.....


Dungeon Overview and Level Annotations

Branches:
Dungeon (11/27)            Temple (0/1) D:5             Orc (0/4) D:6
   Lair (2/8) D:11

Altars:
Fedhas
Makhleb
Okawaru
Yredelemnul

Shops:
D:5 /


Innate Abilities, Weirdness & Mutations

You can breathe flames.
Your magical capacity is low (-10% MP).
You are robust (+10% HP).
You heal slowly.


Message History

Casting: Summon Butterflies
Confirm with . or Enter, or press ? or * to list all spells.
You are near starving!
The porcupine completely misses you.
Casting: Summon Butterflies
Confirm with . or Enter, or press ? or * to list all spells.
The porcupine closely misses you. The porcupine misses you.
The porcupine misses your butterfly.
You swap places.
Your butterfly disappears in a puff of smoke!
The porcupine completely misses you.
Your butterfly disappears in a puff of smoke!
The porcupine misses you.
You are struck by the porcupine's spines.
* * * LOW HITPOINT WARNING * * *
You hit the porcupine.
The porcupine is severely wounded.
The porcupine completely misses you.
You are struck by the porcupine's spines.
You die...

### ####### #####
#.##!.######..##.######...#
.........r@................
..###...<....b.............
#P...b.b...........%....
###.b....b........#####.
#.....b..........# ##
#......bb........#
r..r..........#P.P#...#
............#........#
r.#.####.....P........#


You could see a porcupine.

Vanquished Creatures
  Fannar (D:10)
  The ghost of Malachi the Spear-Bearer, an experienced CeAK of Lugonu (Lair:1)
  2 hill giants (D:10)
  Pikel (D:6)
  A cyclops (D:11)
  Grinder (D:4)
  A hydra skeleton (D:9)
  The ghost of Malachi the Poker, an average DsAK of Lugonu (D:5)
  6 blink frogs
  A steam dragon (D:11)
  5 hippogriffs
  A hungry ghost (D:10)
  A wyvern (D:9)
  2 hill giant skeletons (D:8)
  A manticore (D:11)
  A necrophage (D:6)
  8 orc warriors
  2 sky beasts
  4 ogres
  A black bear (D:6)
  A porcupine (Lair:1)
  2 phantoms
  3 slaves (D:6)
  A warg (D:11)
  A giant slug (Lair:2)
  3 centaurs
  3 crocodiles
  14 giant frogs
  An agate snail (Lair:2)
  A komodo dragon (Lair:2)
  6 jellies
  5 wights
  A troll skeleton (D:11)
  6 water moccasins
  A giant frog zombie (D:11)
  4 crimson imps
  6 killer bees (D:6)
  A gnoll shaman (D:5)
  5 orc priests
  3 goliath beetles (D:6)
  11 hounds
  A centaur skeleton (D:7)
  13 orc wizards
  9 worker ants
  3 iguanas
  2 ogre zombies
  A big kobold zombie (D:11)
  Ijyb (D:5)
  Jessica (D:3)
  2 scorpions
  A hound zombie (D:8)
  A spectral human (D:5)
  10 gnolls
  20 adders
  2 giant centipedes
  2 giant mites
  12 green rats
  4 worms
  An adder zombie (D:8)
  2 giant eyeballs
  53 orcs
  A bat skeleton (D:5)
  7 giant cockroaches
  20 hobgoblins
  12 jackals
  16 kobolds
  3 quokkas
  6 bats
  8 giant geckos
  4 giant newts
  A giant spore (D:4)
  16 goblins
  A kobold zombie (D:5)
  26 rats
  A rat skeleton (D:4)
  7 ballistomycetes
391 creatures vanquished.

Vanquished Creatures (others)
  A hydra (Lair:1)
  A cyclops (D:11)
  A spiny frog (Lair:1)
  A komodo dragon (Lair:2)
  An orc priest (D:9)
  A giant spore (D:9)
  2 fungi (Lair:1)
8 creatures vanquished.

Grand Total: 399 creatures vanquished

Notes
Turn   | Place    | Note
--------------------------------------------------------------
     0 | Abyss:1  | Malachi, the Deep Elf Abyssal Knight, began the quest for the Orb.
     0 | Abyss:1  | Reached XP level 1. HP: 12/12 MP: 2/2
    48 | Abyss:1  | Noticed a neqoxec
    48 | D:1      | Escaped the Abyss
   189 | D:1      | Acquired Lugonu's first power
   189 | D:1      | Reached skill level 1 in Evocations
   190 | D:1      | Reached XP level 2. HP: 5/17 MP: 4/4
   829 | D:1      | Reached XP level 3. HP: 19/21 MP: 7/7
  1209 | D:1      | Reached skill level 3 in Short Blades
  1301 | D:2      | Acquired Lugonu's second power
  1757 | D:2      | Reached XP level 4. HP: 27/27 MP: 9/9
  1858 | D:2      | Found a burning altar of Makhleb.
  2366 | D:2      | Reached skill level 4 in Short Blades
  2611 | D:2      | Reached XP level 5. HP: 27/31 MP: 12/12
  2696 | D:3      | Acquired Lugonu's third power
  2843 | D:3      | Found an iron altar of Okawaru.
  2978 | D:3      | Noticed an ogre
  2994 | D:3      | Killed an ogre
  3009 | D:3      | Reached XP level 6. HP: 33/36 MP: 15/15
  3101 | D:3      | Noticed Jessica
  3116 | D:3      | Killed Jessica
  3467 | D:4      | Reached skill level 5 in Short Blades
  3684 | D:4      | Acquired Lugonu's fourth power
  3740 | D:4      | Noticed Grinder
  3743 | D:4      | Killed Grinder
  3743 | D:4      | Reached skill level 5 in Dodging
  3743 | D:4      | Reached XP level 7. HP: 31/40 MP: 16/18
  3876 | D:4      | Reached skill level 6 in Short Blades
  4391 | D:5      | Entered Level 5 of the Dungeon
  4391 | D:5      | Found Dozugeu's Magical Wand Emporium.
  4567 | D:5      | Noticed Ijyb
  4588 | D:5      | Killed Ijyb
  4588 | D:5      | Reached XP level 8. HP: 30/45 MP: 20/20
  4743 | D:5      | Noticed Malachi's ghost (average DsAK)
  4759 | D:5      | Killed Malachi's ghost
  4759 | D:5      | Reached skill level 7 in Short Blades
  4759 | D:5      | Reached skill level 5 in Evocations
  6111 | D:5      | Found a basalt altar of Yredelemnul.
  6266 | D:5      | Found a staircase to the Ecumenical Temple.
  6371 | D:5      | Reached skill level 8 in Short Blades
  6400 | D:5      | Acquired Lugonu's fifth power
  7353 | D:6      | Found a staircase to the Orcish Mines.
  7577 | D:6      | Noticed Pikel
  7936 | D:6      | Reached XP level 9. HP: 34/49 MP: 22/22
  8312 | D:6      | Learned a level 1 spell: Summon Butterflies
  8324 | D:6      | Reached skill level 9 in Dodging
  8849 | D:6      | Killed Pikel
  9325 | D:6      | Reached skill level 10 in Dodging
 10236 | D:7      | Got a steaming emerald amulet
 10237 | D:7      | Identified the amulet of Mekiunirr {Cons Str+4} (You found it on level 7 of the Dungeon)
 10885 | D:7      | Reached XP level 10. HP: 55/55 MP: 25/25
 11032 | D:8      | Found a blossoming altar of Fedhas.
 11070 | D:8      | Reached skill level 10 in Short Blades
 11452 | D:8      | Reached skill level 1 in Stealth
 12342 | D:8      | Reached skill level 11 in Dodging
 12437 | D:8      | Paralysed by a giant eyeball for 3 turns
 12845 | D:9      | Paralysed by a giant eyeball for 2 turns
 12991 | D:9      | Gained mutation: You heal slowly. [mutagenic glow]
 13111 | D:9      | Gained mutation: Your magical capacity is low (-10% MP). [mutagenic glow]
 13212 | D:9      | Gained mutation: You can breathe flames. [potion of mutation]
 13212 | D:9      | Gained mutation: You are robust (+10% HP). [potion of mutation]
 14195 | D:10     | Entered Level 10 of the Dungeon
 14321 | D:10     | Noticed Fannar
 14343 | D:10     | Killed Fannar
 14700 | D:10     | Noticed a hill giant
 14717 | D:10     | Killed a hill giant
 14717 | D:10     | Reached XP level 11. HP: 32/64 MP: 23/23
 14962 | D:10     | Noticed a hill giant
 14973 | D:10     | Killed a hill giant
 16522 | D:11     | Found a staircase to the Lair.
 16703 | D:11     | HP: 3/64 [orc wizard/magic dart (5)]
 17679 | Lair:1   | Entered Level 1 of the Lair of Beasts
 18346 | Lair:1   | Reached skill level 10 in Invocations
 18879 | Lair:1   | Noticed Malachi's ghost (experienced CeAK)
 18911 | Lair:1   | Killed Malachi's ghost
 19002 | Lair:1   | Noticed a five-headed hydra
 19007 | Lair:1   | Banished a five-headed hydra
 19007 | Lair:1   | Reached skill level 12 in Dodging
 19867 | Lair:2   | HP: 1/64 [porcupine's spines (7)]
 19868 | Lair:2   | Impaled on a porcupine's spines

Action                   |  1- 3 |  4- 6 |  7- 9 | 10-12 || total
-------------------------+-------+-------+-------+-------++-------
Melee: Short sword       |   132 |   159 |   391 |   283 ||   965
       Dagger            |       |       |   497 |   956 ||  1453
       Staff             |       |       |       |     5 ||     5
 Cast: Summon Butterflie |       |       |       |     3 ||     3
Invok: Depart the Abyss  |     1 |       |       |       ||     1
       Banish            |       |       |       |     4 ||     4
 Abil: Evoke Berserk Rag |     2 |     2 |    13 |    10 ||    27
Evoke: Wand              |       |     3 |    12 |    15 ||    30
  Use: Scroll            |       |    10 |    11 |     8 ||    29
       Potion            |       |     1 |    12 |    15 ||    28
 Stab: Sleeping          |     1 |     4 |     2 |     5 ||    12
